 Dungeon Crawl Stone Soup version 0.30-a0-445-g92f4fb2d71 (webtiles) character file.

Game seed: 6610662889015500272

30 Jannitor the Trooper (level 3, -6/29 HPs)
             Began as a Demonspawn Chaos Knight on Dec 11, 2022.
             Was a Plaything of Xom.
             Mangled by Terence
             ... wielding a +2 vorpal flail
              (9 damage)
             ... on level 3 of the Dungeon.
             The game lasted 00:01:44 (1167 turns).

Jannitor the Trooper (Demonspawn Chaos Knight)      Turns: 1167, Time: 00:01:44

Health: -6/29      AC:  5    Str: 12    XL:     3   Next: 3%
Magic:  3/3        EV: 11    Int: 13    God:    Xom [..*...]
Gold:   94         SH:  0    Dex: 14    Spells: 2/2 levels left

rFire   . . .      SeeInvis .    (no weapon)
rCold   . . .      Faith    .    (no shield)
rNeg    . . .      Spirit   .    b - +2 leather armour
rPois   .          Reflect  .    (no helmet)
rElec   .          Harm     .    (no cloak)
rCorr   .          Rampage  .    (no gloves)
Will    .....                    (no boots)
Stlth   +.........               (no amulet)
HPRegen 0.24/turn                (no ring)
MPRegen 0.08/turn                (no ring)

@: mighty, hasted, very quick
A: claws 1
a: Renounce Religion


You were on level 3 of the Dungeon.
You worshipped Xom.
You were a toy of Xom.
You visited 1 branch of the dungeon, and saw 3 of its levels.

You collected 94 gold pieces.

Inventory:

Hand Weapons
 a - a +0 short sword of chaos
Armour
 b - a +2 leather armour (worn)
Jewellery
 f - a ring of flight
 k - a ring of resist corrosion
 m - an amulet of magic regeneration
Scrolls
 d - a scroll of enchant weapon {unknown}
 e - a scroll of identify
 h - a scroll of summoning {unknown}
 i - a scroll of noise {unknown}
 j - 4 scrolls of fear {unknown}
Potions
 g - 2 potions of haste
Miscellaneous
 c - a piece from Xom's chessboard (15/15) (quivered)


   Skills:
 + Level 3.3 Fighting
 - Level 2.8 Short Blades
 + Level 2.2 Armour
 + Level 1.4 Dodging
 + Level 0.5 Unarmed Combat


You had 2 spell levels left.
You didn't know any spells.
Your spell library was empty.

Dungeon Overview and Level Annotations

Branches:
Dungeon (3/15)

Altars:

Annotations:
D:2 Sigmund
D:3 Terence


Innate Abilities, Weirdness & Mutations

You have sharp fingernails.


Message History

You scratch the endoplasm but do no damage.
The endoplasm hits you but does no damage.
You scratch the endoplasm.
The endoplasm is heavily wounded.
The endoplasm freezes you.
You are frozen.
You scratch the endoplasm.
You kill the endoplasm!
No target in view!
You now have 94 gold pieces (gained 7).
Terence the Incautious comes into view.
He is wielding a +2 vorpal flail.
Terence shouts!
There is a stone staircase leading up here.
Terence is nearby!
Terence is nearby!
As you read the scroll labelled YMMIWO TETAIR, it crumbles to dust.
It is a scroll of identify.
g - 3 potions of haste Xom is mildly amused.
It was a potion of might.
You feel very mighty all of a sudden.
You claw Terence!
Terence is heavily wounded.
Terence hits you with a +2 vorpal flail!
You barely miss Terence.
Terence is heavily wounded.
Terence drinks a potion.
Terence is healed!
You feel yourself speed up.
Terence hits you with a +2 vorpal flail!
* * * LOW HITPOINT WARNING * * *
x2 You barely miss Terence.
Terence barely misses you.
You claw Terence!
Terence is moderately wounded.
Terence barely misses you.
You scratch Terence but do no damage.
Terence is moderately wounded.
You claw Terence!
Terence is severely wounded.
Terence hits you with a +2 vorpal flail!
You die...

.........##...# ..#
....###..##.#.###.#
#........##.#.#...#
#.#.............#
#.)..##........##
#.... ###.#.#..+ #....
#..#.#..##
###....###........###
......@@<.....#.....#
###$...#.###.##..##.##
# #....#.#
#.##..##..### #....#.#
#.....###....
#.....#.# ##..........
#.......# ##..#..†...
#........ #..#.##...
#........ #.........
..........


You could see Terence.

Vanquished Creatures
  2 dart slugs
  2 ball pythons (D:1)
  2 bats
  4 endoplasms
  A giant cockroach (D:3)
  A goblin (D:3)
  2 hobgoblins (D:1)
  4 kobolds
  A quokka (D:1)
  3 rats
22 creatures vanquished.

Notes
Turn   | Place    | Note
-------+----------+-------------------------------------------
     0 | D:1      | Jannitor the Demonspawn Chaos Knight began the quest for
                  | the Orb.
     0 | D:1      | Reached XP level 1. HP: 18/18 MP: 1/1
    96 | D:1      | Reached skill level 1 in Dodging
   216 | D:1      | XOM: potion effect (berserk rage)
   221 | D:1      | Gained mutation: You have sharp fingernails. [demonic
                  | ancestry]
   221 | D:1      | Reached XP level 2. HP: 24/24 MP: 2/2
  1001 | D:2      | Noticed Sigmund
  1011 | D:2      | XOM: cast spell 'Summon Small Mammal'
  1099 | D:3      | Reached XP level 3. HP: 27/29 MP: 3/3
  1157 | D:3      | Noticed Terence
  1167 | D:3      | Mangled by Terence

Illustrated notes

Levels and vault maps discovered:
D:1:      dpeg_arrival_houses_and_road, layout_basic
D:2:      layout_loops_ring, minmay_split_cup_large, uniq_sigmund
D:3:      cheibrodos_greedy_goblins, layout_basic,
          nicolae_overflow_ecumenical_swirl, grunt_ministairs_6, minivault_23,
          kennysheep_pointless_box, uniq_terence

Skill      XL: |  1 |
---------------+----+-----
Dodging        | 1 |  1.4
Armour         | 2 |  2.2
Fighting       | |  3.3
Short Blades   | |  2.8
Unarmed Combat | |  0.5

Action                   || total
-------------------------++-------
Melee: Short sword       ||    10
       Unarmed           ||    84
  Use: Potion            ||     2
       Scroll            ||     1
Armor: Leather armour    ||    29
Dodge: Dodged            ||    36

Table legend: (Time is in decaauts)
 A = Elapsed time spent in this place.
 B = Non-inter-level travel time spent in this place.
 C = Inter-level travel time spent in this place.
 D = Time resting spent in this place.
 E = Time spent auto-exploring this place.
 F = Levels seen in this place.
 G = Mean time per level.
                   A        B        C        D        E       F      G
               +--------+--------+--------+--------+--------+-----+--------+
         Total |   1172 |   1135 |     37 |      0 |    892 |   3 |  390.7 |
       Dungeon |   1172 |   1135 |     37 |      0 |    892 |   3 |  390.7 |
               +--------+--------+--------+--------+--------+-----+--------+

Top non-repeatable levels by time:
     D:1: 696 daAuts
     D:2: 361 daAuts
     D:3: 114 daAuts
